 Dungeon Crawl Stone Soup version 0.28-a0-816-gb054d885db (webtiles) character file.

Game seed: 8249524194429019639

9648 emperorscorpion the Thaumaturge (level 11, -3/71 HPs)
             Began as a Djinni Fire Elementalist on Nov 8, 2021.
             Was a Follower of Makhleb.
             Slain by Joseph (11 damage)
             ... on level 10 of the Dungeon.
             The game lasted 00:43:13 (12621 turns).

emperorscorpion the Thaumaturge (DjFE)             Turns: 12621, Time: 00:43:14

Health: -3/71      AC: 20    Str:  7    XL:     11   Next: 78%
Gold:   588        EV: 10    Int: 21    God:    Makhleb [*.....] SH:  6 Dex: 13

rFire   + + .      SeeInvis +   d - +1 broad axe (spect)
rCold   . . .      Faith    .   q - +3 buckler {AC+3}
rNeg    . . .      Spirit   .   i - +5 ring mail "Kitalur" {Drain Fly rC+ Will+}
rPois   ∞          Reflect  .   A - +2 hat {SInv}
rElec   .          Harm     .   (no cloak)
rCorr   +          Rampage  .   g - +1 pair of gloves
Will    ++...                   (boots unavailable)
Stlth   +.........              (no amulet)
HPRegen 0.21/turn               e - ring of resist corrosion
MPRegen 0.00/turn               (no ring)

@: flying, unable to read
A: sickness immunity, fire resistance 2, cold vulnerability 1, float, innate
caster, hp casting, extra vitality 1, iridescent scales 1, inability to read
while threatened
a: Renounce Religion


You were on level 10 of the Dungeon.
You worshipped Makhleb.
Makhleb was aware of your devotion.
You visited 2 branches of the dungeon, and saw 11 of its levels.

You collected 700 gold pieces.
You spent 112 gold pieces at shops.

Inventory:

Hand Weapons
 d - a +1 spectral broad axe (weapon)
 o - a +2 vampiric spear
Missiles
 j - 5 throwing nets
 k - 2 boomerangs of dispersal
Armour
 a - a +0 robe
 g - a +1 pair of gloves (worn)
 i - the +5 ring mail "Kitalur" (worn) {Drain Fly rC+ Will+}
   (You found it on level 4 of the Dungeon)

   rC:        It protects you from cold.
   Fly:       It grants you flight.
   Drain:     It drains your maximum health when unequipped.
   Will:      It increases your willpower.
 q - a +3 buckler of protection (worn)
 A - a +2 hat of see invisible (worn)
Magical Staves
 t - a staff of conjuration
 y - a staff of death
Jewellery
 e - a ring of resist corrosion (left hand)
Wands
 u - a wand of flame (42)
 x - a wand of acid (4)
 B - a wand of polymorph (14)
Scrolls
 b - 4 scrolls of magic mapping
 n - a scroll of teleportation
 s - a scroll of immolation
 v - 3 scrolls of holy word
Potions
 f - 3 potions of curing
 h - 2 potions of heal wounds
 l - 2 potions of haste
 z - a potion of attraction
 C - a potion of berserk rage {unknown}
 E - 3 potions of brilliance {unknown}


   Skills:
 + Level 3.3 Fighting
 + Level 4.1 Axes
 + Level 6.3 Armour
 + Level 4.0 Dodging
 - Level 2.3 Stealth
 + Level 0.6 Shields
 + Level 11.7 Spellcasting
 + Level 0.1 Evocations


You had 6 spell levels left.
You knew the following spells:

 Your Spells              Type           Power      Damage    Failure   Level
a - Foxfire               Conj/Fire      100%       2x1d9     1%          1
b - Scorch                Fire           100%       2d10      1%          2
c - Conjure Flame         Conj/Fire      57%        6-21      1%          3
d - Inner Flame           Hex/Fire       57%        N/A       1%          3
e - Flame Wave            Conj/Fire      57%        3d10      1%          4
f - Beastly Appendage     Tmut           100%       N/A       1%          1
g - Static Discharge      Conj/Air       57%        N/A       1%          2
h - Gell's Gravitas       Tloc           57%        N/A       1%          3
i - Petrify               Tmut/Erth      57%        N/A       1%          4
j - Iskenderun's Mystic   Conj/Tloc      57%        2d12      1%          4
Your spell library was empty.

Dungeon Overview and Level Annotations

Branches:
Dungeon (10/15)            Temple (1/1) D:7            Lair (0/6) D:8
    Orc: D:9-12

Altars:
Ashenzari
Cheibriados
Dithmenos
Elyvilon
Fedhas
Gozag
Kikubaaqudgha
Makhleb
Okawaru
Qazlal
Sif Muna
Trog
Vehumet
Wu Jian
Xom
Yredelemnul
Zin
The Shining One
Beogh

Shops:
D:1 *   D:6 (   D:7 *

Annotations:
D:10 Joseph


Innate Abilities, Weirdness & Mutations

You are immune to sickness and miasma.
You are immune to poison.
Your flesh is very heat resistant. (rF++)
You are vulnerable to cold. (rC-)
You float through the air rather than walking.
You learn spells naturally, not from books.
Your magical power is your life essence.
You have superior vitality. (+4 HP)
You are partially covered in iridescent scales. (AC +2)
You sometimes lose the ability to read scrolls when taking damage.


Message History

You kill the kobold!
Makhleb accepts your kill.
You feel better.
Joseph is struck by an arc of lightning.
Joseph is severely wounded.
The lightning grounds out.
Joseph is struck by an arc of lightning.
Joseph is severely wounded.
You are struck by an arc of lightning.
* * * LOW HITPOINT WARNING * * *
Joseph is struck by an arc of lightning!
Joseph is almost dead.
You are struck by an arc of lightning.
* * * LOW HITPOINT WARNING * * *
The lightning grounds out.
* * * LOW HITPOINT WARNING * * *
A kobold brigand comes into view.
It is wielding a +0 short sword and quivering curare-tipped darts.
Joseph hits you with a +0 quarterstaff.
* * * LOW HITPOINT WARNING * * *
Unknown command.
Casting: Static Discharge (safe; 1% risk of failure)
Confirm with . or Enter, or press ? or * to list all spells.
Flames lash Joseph.
Joseph is almost dead.
Joseph's fire resistance burns away.
The kobold brigand shouts!
* * * LOW HITPOINT WARNING * * *
Joseph barely misses you.
Unknown command.
Casting: Scorch (safe; 1% risk of failure)
Confirm with . or Enter, or press ? or * to list all spells.
Flames lash the kobold.
You kill the kobold!
Makhleb accepts your kill.
You feel better.
* * * LOW HITPOINT WARNING * * *
You hear a shout!
A kobold comes into view.
It is wielding a +0 dagger of holy wrath.
Joseph hits you with a +0 quarterstaff!
You die...

#.. #.K# ..#
#..####..####..####
.........K........
................ .
#.....)......# .
#............# .#
#.......))@..#
.#######........@...#
........................
........................
......#####........####.
......# #........#
......# #........#
......# #........#
......# #........#
......# #........


You could see Joseph (combustible), a kobold brigand and a kobold.

Vanquished Creatures
  Gastronok (D:7)
  Harold (D:6)
  A hydra (D:9)
  A two-headed ogre (D:9)
  Pikel (D:5)
  A deep elf pyromancer (D:9)
  A gargoyle (D:9)
  Psyche (D:7)
  A kobold demonologist (D:9)
  2 trolls
  Sigmund (D:3)
  A wyvern (D:9)
  Eustachio (D:5)
  A steam dragon (D:8)
  An acid dragon (D:9)
  2 water moccasins
  A hornet zombie (D:9)
  An orc warrior (D:9)
  A sky beast (D:7)
  3 black bears
  An ice beast (D:7)
  4 ogres
  4 centaurs
  2 kobold brigands
  A gnoll sergeant (D:5)
  2 scorpions (D:5)
  A water moccasin zombie (D:5)
  11 killer bees (D:9)
  6 wights
  4 electric eels (D:8)
  4 howler monkeys
  A bullfrog zombie (D:5)
  11 hounds
  2 gnoll shamans
  5 orc priests
  2 centaur skeletons (D:7)
  2 iguanas
  3 orc wizards (D:9)
  23 gnolls
  4 adders
  A howler monkey skeleton (D:6)
  2 white imps
  An ufetubus (D:5)
  An adder skeleton (D:5)
  2 dart slugs
  37 orcs
  5 ball pythons
  3 bats
  8 endoplasms
  A giant cockroach (D:1)
  5 goblins
  5 hobgoblins
  9 jackals (D:5)
  4 quokkas
  2 frilled lizards
  18 kobolds
  3 rats
224 creatures vanquished.

Vanquished Creatures (others)
  271 foxfires
  2 plants (D:5)
273 creatures vanquished.

Grand Total: 497 creatures vanquished

Notes
Turn   | Place    | Note
-------+----------+-------------------------------------------
     0 | D:1      | emperorscorpion the Djinni Fire Elementalist began the
                  | quest for the Orb.
     0 | D:1      | Reached XP level 1. HP: 15/15 MP: 0/0
   220 | D:1      | Found Mahew's General Store.
   230 | D:1      | Reached XP level 2. HP: 18/21 MP: 0/0
   468 | D:1      | Reached skill level 3 in Spellcasting
   471 | D:1      | Reached XP level 3. HP: 16/25 MP: 0/0
   471 | D:1      | Learned a level 1 spell: Beastly Appendage
  1543 | D:2      | Found a faded altar of an unknown god.
  1573 | D:2      | Reached XP level 4. HP: 30/31 MP: 0/0
  2560 | D:3      | Found a large runed translucent door.
  2561 | D:3      | Found a large runed translucent door.
  2616 | D:3      | Found a white marble altar of Elyvilon.
  3161 | D:3      | Noticed Sigmund
  3174 | D:3      | Killed Sigmund
  3175 | D:3      | Reached skill level 4 in Spellcasting
  3175 | D:3      | Reached XP level 5. HP: 2/36 MP: 0/0
  3175 | D:3      | Learned a level 2 spell: Static Discharge
  3175 | D:3      | Reached XP level 6. HP: 2/41 MP: 0/0
  3830 | D:3      | Found a stormy altar of Qazlal.
  3927 | D:4      | Noticed an ogre
  3938 | D:4      | Killed an ogre
  3939 | D:4      | Reached skill level 5 in Spellcasting
  4034 | D:4      | Found a glowing golden altar of the Shining One.
  4131 | D:4      | Identified the +5 ring mail "Kitalur" {Drain Fly rC+ Will+}
  4339 | D:4      | Reached skill level 1 in Fighting
  4455 | D:4      | Noticed an ogre
  4461 | D:4      | Killed an ogre
  4462 | D:4      | Reached XP level 7. HP: 43/47 MP: 0/0
  4462 | D:4      | Learned a level 3 spell: Gell's Gravitas
  4811 | D:5      | Entered Level 5 of the Dungeon
  4874 | D:5      | Noticed Pikel
  4885 | D:5      | Killed Pikel
  4886 | D:5      | Reached skill level 6 in Spellcasting
  4886 | D:5      | Reached XP level 8. HP: 34/54 MP: 0/0
  4895 | D:5      | Reached skill level 1 in Armour
  5077 | D:5      | Found a basalt altar of Yredelemnul.
  5154 | D:5      | Reached skill level 7 in Spellcasting
  5206 | D:5      | Reached XP level 9. HP: 49/59 MP: 0/0
  5206 | D:5      | Learned a level 4 spell: Petrify
  5207 | D:5      | Noticed Eustachio
  5212 | D:5      | Killed Eustachio
  5516 | D:5      | Found a blossoming altar of Fedhas.
  5571 | D:5      | Found an ornate altar of the Wu Jian Council.
  6555 | D:5      | Reached skill level 8 in Spellcasting
  7015 | D:6      | Found Taeho's Weapon Shoppe.
  7663 | D:7      | Noticed Harold
  7685 | D:6      | Killed Harold
  7686 | D:6      | Reached XP level 10. HP: 20/66 MP: 0/0
  7917 | D:7      | Reached skill level 9 in Spellcasting
  8148 | D:7      | Found Cior's General Store.
  8156 | D:7      | Bought a scroll of blinking for 112 gold pieces
  8447 | D:7      | Identified a scroll of acquirement
  8447 | D:7      | Acquired a +1 buckler of protection
  8724 | D:7      | Found a staircase to the Ecumenical Temple.
  8731 | Temple   | Entered the Ecumenical Temple
  8858 | Temple   | Became a worshipper of Makhleb the Destroyer
  8964 | D:8      | Reached skill level 5 in Armour
  9216 | D:8      | Noticed Psyche
  9216 | D:8      | Noticed Gastronok
  9224 | D:7      | Killed Psyche
  9232 | D:7      | Killed Gastronok
  9233 | D:7      | Reached skill level 10 in Spellcasting
  9679 | D:8      | Reached XP level 11. HP: 68/71 MP: 0/0
  9679 | D:8      | Learned a level 4 spell: Iskenderun's Mystic Blast
  9715 | D:8      | Found a staircase to the Lair.
  9936 | D:8      | Found an iron altar of Okawaru.
  9947 | D:8      | Identified the +5 falchion of Okawaru's Scorn {flame, Will+
                  | rCorr Int-4}
 10232 | D:9      | Found an opulent altar of Gozag.
 10279 | D:9      | Noticed a deep elf pyromancer
 10316 | D:9      | Killed a deep elf pyromancer
 10316 | D:9      | Reached * piety under Makhleb
 10546 | D:9      | Found a snail-covered altar of Cheibriados.
 10554 | D:9      | Noticed a two-headed ogre
 10557 | D:9      | Killed a two-headed ogre
 10558 | D:9      | Reached skill level 11 in Spellcasting
 10818 | D:9      | Noticed a boulder beetle
 11559 | D:9      | Noticed a boulder beetle
 11570 | D:9      | Noticed a two-headed ogre
 11571 | D:9      | Noticed a six-headed hydra
 11883 | D:9      | Gained mutation: You are agile. (Dex +2) [potion of
                  | mutation]
 11883 | D:9      | Gained mutation: You tend to lose your temper in combat.
                  | [potion of mutation]
 11884 | D:9      | Lost mutation: You are agile. (Dex +2) [potion of mutation]
 11884 | D:9      | Lost mutation: You tend to lose your temper in combat.
                  | [potion of mutation]
 11884 | D:9      | Gained mutation: You are partially covered in iridescent
                  | scales. (AC +2) [potion of mutation]
 11884 | D:9      | Gained mutation: You sometimes lose the ability to read
                  | scrolls when taking damage. [potion of mutation]
 11948 | D:9      | Killed a six-headed hydra
 12338 | D:10     | Entered Level 10 of the Dungeon
 12608 | D:10     | Noticed Joseph
 12621 | D:10     | Slain by Joseph

Illustrated notes

Levels and vault maps discovered:
D:1:      lemuel_arrival_funnel, layout_rooms, serial_shops, shop,
          chequers_hall_statues_y, minivault_5, hangedman_decor_riveting
D:2:      layout_loops_ring, hellmonk_ecumenical_altar_defaced_shrine,
          minmay_liquid_box, lemuel_flame_loot_1
D:3:      layout_basic, jmf_multi_god_temple2, nicolae_elyvilon_peaceful_grove,
          minivault_11, kennysheep_generic_room_15, uniq_sigmund
D:4:      layout_basic, kennysheep_mini
D:5:      lemuel_castle_with_subvaults [lemuel_castle_interior_carwin_1],
          layout_loops_cross, yredelemnul_altar_generic,
          mainiacjoe_overflow_catwalk, nzn_wu_jian_council_hall,
          vehumet_crystals, uniq_pikel, uniq_eustachio
D:6:      layout_basic, serial_shops, nicolae_take_the_stairs,
          chequers_arboretum
D:7:      layout_cave_pools, minmay_temple_entry_mist, serial_shops,
          shop_fountains, uniq_harold
D:8:      layout_loops_ring, okawaru_ov_weapons_minmay, erik_lair_island,
          uniq_psyche, uniq_gastronok
D:9:      minmay_the_grid_plus [minmay_the_grid_outer_diamond,
          minmay_the_grid_empty, minmay_the_grid_diamond_grid,
          minmay_the_grid_large_cup, minmay_the_grid_prize_big_room],
          layout_basic, grunt_gozag_breadcrumbs, lemuel_doored_altar,
          mainiacjoe_overflow_alcove_1, nicolae_ru_path_of_blood
D:10:     layout_small_grid, hangedman_feature_mirror, grunt_potential,
          uniq_joseph
Temple:   chequers_temple_sunken

Skill      XL: |  1  2  3  4  5  6  7  8  9 10 11 |
---------------+----------------------------------+-----
Spellcasting   | 3 4 5 6 7 8 10 11 | 11.7
Stealth        | 2 |  2.3
Fighting       | 1 2 3 |  3.3
Axes           | 2 3 4 |  4.1
Armour         | 1 4 5 6 |  6.3
Dodging        | 3 4 |  4.0
Shields        | |  0.6
Evocations     | |  0.1

Action                   |  1- 3 |  4- 6 |  7- 9 | 10-12 || total
-------------------------+-------+-------+-------+-------++-------
Melee: Broad axe         |       |    17 |    38 |    21 ||    76
 Cast: Foxfire           |    50 |    30 |    48 |    48 ||   176
       Scorch            |     1 |    19 |    74 |   130 ||   224
       Flame Wave        |       |     2 |     3 |     5 ||    10
       Static Discharge  |       |       |     3 |     4 ||     7
       Petrify           |       |       |       |    11 ||    11
       Iskenderun's Myst |       |       |       |     5 ||     5
       Beastly Appendage |       |       |       |     1 ||     1
Evoke: Wand              |       |       |       |     2 ||     2
  Use: Scroll            |     2 |     4 |     6 |    13 ||    25
       Potion            |     1 |     2 |       |     4 ||     7
 Stab: Sleeping          |       |     3 |       |       ||     3
       Distracted        |       |       |     1 |       ||     1
Armor: Robe              |       |     6 |       |       ||     6
       Ring mail         |       |       |    30 |    44 ||    74
Dodge: Dodged            |     1 |    18 |    39 |    50 ||   108
Block: Buckler           |       |       |       |    23 ||    23

Table legend: (Time is in decaauts)
 A = Elapsed time spent in this place.
 B = Non-inter-level travel time spent in this place.
 C = Inter-level travel time spent in this place.
 D = Time resting spent in this place.
 E = Time spent auto-exploring this place.
 F = Levels seen in this place.
 G = Mean time per level.
                   A        B        C        D        E       F      G
               +--------+--------+--------+--------+--------+-----+--------+
         Total |  12663 |  12032 |    631 |   2314 |   8169 |  11 | 1151.2 |
       Dungeon |  12517 |  11903 |    614 |   2314 |   8053 |  10 | 1251.7 |
        Temple |    145 |    128 |     17 |      0 |    116 |   1 |  145.0 |
               +--------+--------+--------+--------+--------+-----+--------+

Top non-repeatable levels by time:
     D:3: 1798 daAuts
     D:5: 1686 daAuts
     D:9: 1526 daAuts
     D:6: 1435 daAuts
     D:8: 1346 daAuts
     D:7: 1261 daAuts
     D:2: 1147 daAuts
     D:4: 1057 daAuts
     D:1: 976 daAuts
    D:10: 282 daAuts
  Temple: 145 daAuts
